 Dungeon Crawl Stone Soup version 0.17.0-28-g6e173f8 (webtiles) character file.

37 coffecat the Sneak (level 3, -8/27 HPs)
             Began as a Vampire Assassin on Nov 29, 2015.
             Mangled by an orc
             ... wielding a cursed +0 flail
              (9 damage)
             ... on level 2 of the Dungeon.
             The game lasted 00:08:31 (2185 turns).

coffecat the Sneak (Vampire Assassin)               Turns: 2185, Time: 00:08:31

Health: -8/27      AC:  3    Str: 10    XL:     3   Next: 23%
Magic:  3/3        EV: 12    Int: 13    God:
Gold:   127        SH:  0    Dex: 16    Spells: 0 memorised, 2 levels left

rFire  . . .     SeeInvis +     a - +2 dagger
rCold  . . .     Clarity  .     m - +0 robe (curse)
rNeg   + . .     SustAt   .     (no shield)
rPois  .         Gourm    .     (no helmet)
rElec  .         Spirit   .     d - +0 cloak
rCorr  .         Warding  .     (no gloves)
rMut   .         Stasis   .     (no boots)
MR     .....                    (no amulet)
Stlth  ++++......               (no ring)
                                (no ring)

@: not resistant to hostile enchantments, stealthy
A: fangs 3, see invisible, unbreathing
a: Bat Form


You were on level 2 of the Dungeon.
You were not thirsty.

You visited 1 branch of the dungeon, and saw 3 of its levels.

You collected 127 gold pieces.

Inventory:

Hand Weapons
 a - a +2 dagger (weapon)
 b - a +0 blowgun
Missiles
 e - 26 poisoned needles
 f - 2 curare-tipped needles
Armour
 c - a +0 robe
 d - a +0 cloak (worn)
 m - a cursed +0 robe (worn)
Potions
 g - 6 potions of blood
 h - a potion of curing
 j - a potion of beneficial mutation {unknown}


   Skills:
 + Level 1.8 Fighting
 + Level 2.5 Short Blades
 + Level 1.7 Throwing
 + Level 1.2 Dodging
 * Level 7.1 Stealth


You had 2 spell levels left.
You didn't know any spells.

Dungeon Overview and Level Annotations

Branches:
Dungeon (3/15)

Altars:
Okawaru


Innate Abilities, Weirdness & Mutations

You have razor-sharp teeth.
You have supernaturally acute eyesight.
You can survive without breathing.


Message History

You barely miss the orc priest. The orc priest barely misses you.
The orc hits you but does no damage. The orc barely misses you.
You hit the orc priest.
You bite the orc priest, but do no damage.
The orc priest is lightly wounded.
The orc priest completely misses you. The orc hits you with a flail.
The orc closely misses you.
You hit the orc priest.
The orc priest is moderately wounded.
The orc priest hits you with a dagger. The orc closely misses you.
You hit the orc priest.
The orc priest is heavily wounded.
The orc misses you.
The orc priest calls down the wrath of Beogh upon you.
Pain shoots through your body!
* * * LOW HITPOINT WARNING * * *
You hit the orc priest but do no damage.
The orc priest is heavily wounded.
The orc hits you with a flail!
You die...

............#....................
.....#########....###.#####......
...........# #..............÷....
...........# #...##########......
...........# #...................
...##.#########...#########.÷....
...##...........).# #.....#
...#############.o# #.....#
...............o@.# #.....#
##.############..o# #.....#
.#.........#......# #..>..#
.#########.#.#....# #<....#
...........#.#....##########....#
.............#<..................
###############..################
.................................
#################################


You could see an orc priest and 2 orcs.

Vanquished Creatures
  An ooze (D:1)
  A giant gecko (D:2)
  A ball python (D:1)
  5 bats
  2 giant cockroaches (D:2)
  5 hobgoblins
  2 giant newts
  5 goblins
  5 kobolds
  5 rats
32 creatures vanquished.

Notes
Turn   | Place    | Note
--------------------------------------------------------------
     0 | D:1      | coffecat the Vampire Assassin began the quest for the Orb.
     0 | D:1      | Reached XP level 1. HP: 16/16 MP: 1/1
    28 | D:1      | Reached skill level 6 in Stealth
   610 | D:1      | Reached XP level 2. HP: 17/22 MP: 2/2
  1154 | D:2      | Found a faded altar to an unknown god.
  1199 | D:2      | Found an iron altar of Okawaru.
  1398 | D:2      | Reached skill level 7 in Stealth
  1398 | D:2      | Reached XP level 3. HP: 27/27 MP: 3/3
  2184 | D:2      | HP: 1/27 [orc priest/nerve-wracking pain (9)]
  2185 | D:2      | Mangled by an orc

Action                   || total
-------------------------++-------
Melee: Dagger            ||    71
 Fire: Blowgun           ||     6
  Use: Potion            ||     4
       Scroll            ||     4
 Stab: Sleeping          ||    11
